 Seeded DCSS version 0.27-a0-1219-g958d993ae5 (webtiles) character file.

Game seed: 42 (custom seed)

3831 Snicker the Unseen (level 9, -5/39 HPs)
             Began as a Spriggan Enchanter on June 6, 2021.
             Was an Initiate of Gozag.
             Slain by an orc knight
             ... wielding a +0 glaive
              (12 damage)
             ... in a bailey.
             The game lasted 00:22:13 (8476 turns).

Snicker the Unseen (Spriggan Enchanter)             Turns: 8476, Time: 00:22:14

Health: -5/39      AC:  9    Str:  5    XL:     9   Next: 97%
Magic:  1/14       EV: 21    Int: 19    God:    Gozag
Gold:   545        SH:  0    Dex: 15    Spells: 4/13 levels left

rFire    . . .     SeeInvis +   a - +5 short sword (freeze)
rCold    . . .     Faith    .   (shield restricted)
rNeg     . . .     Spirit   .   y - +0 steam dragon scales
rPois    .         Reflect  .   (helmet restricted)
rElec    .         Harm     .   (no cloak)
rCorr    .         Rampage  .   (gloves unavailable)
Will     +....                  (boots unavailable)
Stlth    ++++++....             (no amulet)
HPRegen  0.13/turn              c - +4 ring of evasion
MPRegen  0.14/turn              x - +4 ring of protection

@: gold aura, very quick
A: very small, no large weapons, unfitting armour, see invisible, speed 3
a: Renounce Religion, Potion Petition, Call Merchant, Bribe Branch


You were in a bailey.
You worshipped Gozag.
Gozag was pleased with you.
You visited 2 branches of the dungeon, and saw 8 of its levels.
You also visited: Bailey.

You collected 640 gold pieces.
You paid 95 gold pieces to Gozag.

Inventory:

Hand Weapons
 a - a +5 short sword of freezing (weapon)
 m - a +1 dagger
 n - a +2 vampiric short sword
Missiles
 e - 10 atropa-tipped darts
Armour
 b - a +0 robe
 y - +0 steam dragon scales (worn)
Jewellery
 c - a +4 ring of evasion (left hand)
 i - a ring of protection from cold
 l - a ring of protection from cold
 q - a ring of fire
 s - a ring of resist corrosion
 x - a +4 ring of protection (right hand)
Wands
 p - a wand of flame (21)
 t - a wand of digging (2)
Scrolls
 f - 2 scrolls of noise
 o - a scroll of holy word {unknown}
 u - a scroll of enchant armour {unknown}
 v - a scroll of vulnerability {unknown}
 A - a scroll of magic mapping {unknown}
 B - 2 scrolls of identify
 D - a scroll of immolation {unknown}
Potions
 d - 6 potions of curing
 g - 2 potions of invisibility {unknown}
 h - a potion of heal wounds
 j - 2 potions of brilliance {unknown}
 k - a potion of mutation {unknown}
 r - a potion of lignification {unknown}
 w - 2 potions of haste {unknown}
 z - a potion of ambrosia {unknown}
 C - a potion of attraction {unknown}
 E - a potion of resistance {unknown}
 F - a potion of might {unknown}


   Skills:
 * Level 7.3 Short Blades
 - Level 2.6 Dodging
 * Level 16.8 Stealth
 - Level 2.6 Spellcasting
 - Level 3.6 Hexes
 + Level 4.1 Ice Magic
 + Level 2.3 Evocations


You had 4 spell levels left.
You knew the following spells:

 Your Spells              Type           Power      Damage    Failure   Level
a - Corona                Hex            17%        N/A       3%          1
b - Ensorcelled Hibernat  Hex/Ice        34%        N/A       4%          2
c - Confusing Touch       Hex            16%        N/A       11%         3
d - Dazzling Flash        Conj/Hex       18%        N/A       22%         3

Your spell library contained the following spells:

 Spells                   Type           Power      Damage    Failure   Level
 Tukima's Dance           Hex            16%        N/A       11%         3


Dungeon Overview and Level Annotations

Branches:
Dungeon (7/15)             Temple (1/1) D:6          Bailey (1/1)

Altars:
Ashenzari
Cheibriados
Elyvilon
Fedhas
Gozag
Hepliaklqana
Kikubaaqudgha
Makhleb
Nemelex Xobeh
Okawaru
Ru
Sif Muna
Uskayaw
Vehumet
Wu Jian
Yredelemnul
The Shining One

Annotations:
D:2 Robin
D:3 Ijyb
D:4 Blork the orc


Innate Abilities, Weirdness & Mutations

You are very small and have problems with some larger weapons.
You are too small for most types of armour.
You have supernaturally acute eyesight. (SInv)
You cover ground extremely quickly. (Speed+++)


Message History

You freeze the orc knight!!
You kill the orc knight!
Your Ice Magic skill increases to level 4!
Casting: Ensorcelled Hibernation (safe; 4% risk of failure)
Confirm with . or Enter, or press ? or * to list all spells.
Aiming: Ensorcelled Hibernation (safe; 4% risk of failure)
Press: ? - help, Shift-Dir - straight line, f - orc knight
Aim: an orc knight, wielding a +0 halberd and wearing a +0 scale mail (wandering, hasn't noticed you, chance to affect: 30%)
The orc knight easily resists.
An orc knight comes into view. It is wielding a +0 trident.
Casting: Ensorcelled Hibernation (safe; 4% risk of failure)
Confirm with . or Enter, or press ? or * to list all spells.
Aiming: Ensorcelled Hibernation (safe; 4% risk of failure)
Press: ? - help, Shift-Dir - straight line, f/p - orc knight
Aim: an orc knight, wielding a +0 halberd and wearing a +0 scale mail (chance to affect: 30%)
The orc knight easily resists.
The orc knight roars a battlecry!
The orc knight goes into a battle-frenzy!
The orc knight roars a battlecry!
The orc knight goes into a battle-frenzy!
Casting: Ensorcelled Hibernation (safe; 4% risk of failure)
Confirm with . or Enter, or press ? or * to list all spells.
Aiming: Ensorcelled Hibernation (safe; 4% risk of failure)
Press: ? - help, Shift-Dir - straight line, f - orc knight, p - orc knight
Aim: an orc knight, wielding a +0 glaive and wearing a +0 scale mail (chance to affect: 30%)
The orc knight easily resists.
Okay, then.
Unknown command.
Unknown command.
Unknown command.
Unknown command.
Unknown command.
Unknown command.
Unknown command.
Unknown command.
Okay, then.
Unknown command.
The orc knight hits you from afar with a +0 glaive!
You die...
Your body crumbles into a pile of gold.

###'###
#.))#
#.).#
#...#
#.))#
###'###
##.[)o.##
#...)...#
#.)...@.#
#..$....#
#....o..#
#.......#
##.....##
##'o'##
#.....#
#.....#
#.....#


You could see 3 orc knights.

Vanquished Creatures
  2 orc knights (Bailey)
  Maggie (D:6)
  A steam dragon (D:7)
  8 orc warriors
  An ice beast (D:5)
  A hornet zombie (D:6)
  A sky beast (D:6)
  A black bear (D:6)
  A necrophage (D:5)
  3 ogres (D:5)
  A kobold brigand (D:5)
  A wyvern zombie (D:5)
  2 scorpions
  2 water moccasin skeletons (D:5)
  A howler monkey (D:5)
  A bullfrog zombie (D:6)
  A jelly (D:5)
  5 hounds
  2 orc priests
  3 iguanas
  4 orc wizards
  2 killer bee zombies
  A hound zombie (D:5)
  6 adders
  2 howler monkey skeletons (D:5)
  2 shadow imps
  An ufetubus (D:6)
  2 dart slugs (D:1)
  42 orcs
  5 bats
  4 endoplasms (D:1)
  6 giant cockroaches
  5 goblins
  4 hobgoblins
  5 kobolds
  3 quokkas
  6 ball pythons
  2 frilled lizards
  2 rats (D:2)
143 creatures vanquished.

Vanquished Creatures (others)
  A wyvern zombie (D:7)
  A jelly (D:6)
  8 plants (D:3)
  3 withered plants (D:2)
13 creatures vanquished.

Grand Total: 156 creatures vanquished

Notes
Turn   | Place    | Note
-------+----------+-------------------------------------------
     0 | D:1      | Snicker the Spriggan Enchanter began the quest for the Orb.
     0 | D:1      | Reached XP level 1. HP: 9/9 MP: 5/5
   158 | D:1      | Reached skill level 5 in Stealth
   226 | D:1      | Reached XP level 2. HP: 9/13 MP: 6/6
   344 | D:1      | Learned a level 2 spell: Ensorcelled Hibernation
  1003 | D:1      | Reached skill level 6 in Stealth
  1467 | D:2      | Reached XP level 3. HP: 16/16 MP: 0/8
  1790 | D:2      | Found a faded altar of an unknown god.
  2196 | D:2      | Reached skill level 7 in Stealth
  2196 | D:2      | Reached XP level 4. HP: 5/21 MP: 1/9
  2742 | D:2      | Noticed Robin
  3229 | D:3      | Noticed Ijyb
  3439 | D:4      | Noticed a phantom
  3451 | D:4      | Noticed Blork the orc
  3504 | D:5      | Entered Level 5 of the Dungeon
  3709 | D:5      | Learned a level 3 spell: Confusing Touch
  3795 | D:5      | Reached XP level 5. HP: 24/24 MP: 7/10
  3928 | D:5      | Reached skill level 8 in Stealth
  3928 | D:5      | Reached skill level 1 in Ice Magic
  3983 | D:5      | Reached skill level 9 in Stealth
  3983 | D:5      | Reached XP level 6. HP: 8/28 MP: 5/11
  4361 | D:5      | Reached skill level 10 in Stealth
  4720 | D:5      | Reached XP level 7. HP: 32/32 MP: 9/12
  4877 | D:5      | Reached skill level 11 in Stealth
  5169 | D:5      | Learned a level 3 spell: Dazzling Flash
  5198 | D:5      | Reached skill level 12 in Stealth
  5212 | D:5      | Reached XP level 8. HP: 36/36 MP: 8/13
  5420 | D:5      | Reached skill level 13 in Stealth
  5722 | D:6      | Reached skill level 5 in Short Blades
  6187 | D:6      | Found a staircase to the Ecumenical Temple.
  6255 | Temple   | Entered the Ecumenical Temple
  6522 | Temple   | Became a worshipper of Gozag Ym Sagoz the Greedy
  6844 | D:6      | Found a basalt altar of Yredelemnul.
  6850 | D:6      | Noticed Maggie
  6858 | D:6      | Killed Maggie
  6859 | D:6      | Reached skill level 14 in Stealth
  6938 | D:6      | Reached XP level 9. HP: 39/39 MP: 14/14
  7104 | D:6      | Found a glowing golden altar of the Shining One.
  7106 | D:6      | Noticed an angel
  7208 | D:6      | Found a radiant altar of Vehumet.
  7208 | D:6      | Found a blossoming altar of Fedhas.
  7219 | D:6      | Found a shimmering blue altar of Sif Muna.
  7231 | D:6      | Found a white marble altar of Elyvilon.
  7233 | D:6      | Found a sacrificial altar of Ru.
  7521 | D:7      | Found a flagged portal.
  7541 | Bailey   | Entered a bailey
  7576 | Bailey   | Reached skill level 15 in Stealth
  8026 | Bailey   | Noticed an orc knight
  8083 | Bailey   | Reached skill level 1 in Evocations
  8098 | Bailey   | Killed an orc knight
  8099 | Bailey   | Reached skill level 16 in Stealth
  8250 | Bailey   | Noticed an orc knight
  8250 | Bailey   | Noticed an orc knight
  8396 | Bailey   | Noticed an orc knight
  8469 | Bailey   | Killed an orc knight
  8471 | Bailey   | Noticed an orc knight
  8476 | Bailey   | Slain by an orc knight

Illustrated notes

Levels and vault maps discovered:
D:1:      dpeg_arrival_boxes_within_box, layout_basic
D:2:      layout_loops_cross, ebering_ecumenical_altar_petrified, nrook_uturn,
          ebering_dispersal_statue_hall, minmay_misc_feat_pillars,
          chequers_serial_rivers_micro_c, uniq_robin
D:3:      layout_basic, kennysheep_pointless_box, minmay_lizard_king, uniq_ijyb
D:4:      kennysheep_kobold_camp, layout_loops_ring, kennysheep_mini,
          uniq_menkaure, uniq_blork_the_orc, uniq_sigmund
D:5:      layout_loops_ring, minmay_quadrilaterals
D:6:      layout_rooms, grunt_temple_overflow_holy_war,
          chequers_temple_overflow_minitemple, minmay_temple_entry_ruins,
          uniq_maggie
D:7:      layout_loops_ring, grunt_dithmenos_smoke, enter_bailey_8,
          roderic_serpentine_path
Temple:   eino_temple_lava
Bailey:   bailey_polearm_5, bailey

Skill      XL: |  1  2  3  4  5  6  7  8  9 |
---------------+----------------------------+-----
Stealth        | 5 6 7 9 10 12 14 16 | 16.8
Short Blades   | 2 3 4 6 7 |  7.3
Ice Magic      | 1 2 3 4 |  4.1
Evocations     | 2 |  2.3
Dodging        | |  2.6
Spellcasting   | |  2.6
Hexes          | |  3.6

Action                   |  1- 3 |  4- 6 |  7- 9 || total
-------------------------+-------+-------+-------++-------
Melee: Dagger            |    97 |    67 |     1 ||   165
       Short sword       |       |       |   158 ||   158
 Cast: Ensorcelled Hiber |    18 |    25 |    81 ||   124
       Confusing Touch   |       |     6 |     6 ||    12
Evoke: Wand              |       |       |    15 ||    15
  Use: Scroll            |       |     2 |       ||     2
       Potion            |       |     2 |     2 ||     4
 Stab: Sleeping          |    21 |    16 |    40 ||    77
       Confused          |       |     7 |     5 ||    12
       Distracted        |       |       |     3 ||     3
Armor: Robe              |     5 |     3 |     4 ||    12
       Steam dragon scal |       |       |     8 ||     8
Dodge: Dodged            |    63 |    70 |   152 ||   285

Table legend: (Time is in decaauts)
 A = Elapsed time spent in this place.
 B = Non-inter-level travel time spent in this place.
 C = Inter-level travel time spent in this place.
 D = Time resting spent in this place.
 E = Time spent auto-exploring this place.
 F = Levels seen in this place.
 G = Mean time per level.
                   A        B        C        D        E       F      G
               +--------+--------+--------+--------+--------+-----+--------+
         Total |   6755 |   6665 |     90 |   2375 |   2741 |   9 |  750.6 |
       Dungeon |   5788 |   5704 |     84 |   2005 |   2608 |   7 |  826.9 |
        Temple |    207 |    202 |      5 |      0 |    133 |   1 |  207.0 |
        Bailey |    759 |    759 |      0 |    370 |      0 |   1 |  759.0 |
               +--------+--------+--------+--------+--------+-----+--------+

Top non-repeatable levels by time:
     D:5: 2081 daAuts
     D:2: 1313 daAuts
     D:1: 1013 daAuts
     D:6: 855 daAuts
  Bailey: 759 daAuts
     D:3: 298 daAuts
  Temple: 207 daAuts
     D:7: 176 daAuts
     D:4: 50 daAuts
